 Dungeon Crawl Stone Soup version 0.22.1-1-ga44c0e5 (webtiles) character file.

95 MalarOregon the Chiller (level 4, -8/32 HPs)
             Began as a Merfolk Ice Elementalist on Nov 9, 2018.
             Mangled by Crazy Yiuf
             ... wielding a +2 quarterstaff of chaos
              (19 damage)
             ... on level 2 of the Dungeon.
             The game lasted 00:12:43 (2697 turns).

MalarOregon the Chiller (Merfolk Ice Elementalist)  Turns: 2697, Time: 00:12:44

Health: -8/32      AC:  2    Str:  8    XL:     4   Next: 66%
Magic:  1/7        EV: 13    Int: 15    God:
Gold:   31         SH:  0    Dex: 14    Spells: 4/7 levels left

rFire    . . .     SeeInvis .   a - +0 spear
rCold    . . .     Gourm    .   (no shield)
rNeg     . . .     Faith    .   d - +0 robe
rPois    .         Spirit   .   (no helmet)
rElec    .         Reflect  .   (no cloak)
rCorr    .         Harm     .   (no gloves)
MR       .....                  (no boots)
Stlth    ++........             (no amulet)
HPRegen  0.10/turn              (no ring)
MPRegen  0.10/turn              (no ring)

@: no status effects
A: change form in water, swift swim, stealthy swim
a: no special abilities


You were on level 2 of the Dungeon.
You were hungry.

You visited 1 branch of the dungeon, and saw 2 of its levels.

You collected 31 gold pieces.

Inventory:

Hand Weapons
 a - a +0 spear (weapon)
   (You found it on level 2 of the Dungeon)
Missiles
 g - 19 stones
 m - 5 javelins (quivered)
Armour
 d - a +0 robe (worn)
 n - a +2 scale mail of fire resistance
   (You took it off Terence on level 2 of the Dungeon)
Scrolls
 h - a scroll of teleportation {unknown}
 k - a scroll of magic mapping {unknown}
 l - a scroll of identify {unknown}
Potions
 b - 2 potions of degeneration {unknown}
 c - a potion of curing {unknown}
 f - a potion of agility {unknown}
 i - a potion of heal wounds {unknown}
 j - a potion of haste {@q3}
Comestibles
 e - 5 rations {!d}


   Skills:
 + Level 1.2 Fighting
 * Level 2.4 Polearms
 + Level 3.5 Dodging
 - Level 2.1 Stealth
 + Level 2.4 Spellcasting
 - Level 0.7 Conjurations
 * Level 4.3 Ice Magic


You had 4 spell levels left.
You knew the following spells:

 Your Spells              Type           Power        Failure   Level  Hunger
a - Freeze                Ice            ##..         3%          1    #......
x - Throw Frost           Conj/Ice       #.....       12%         2    ###....

Your spell library contained the following spells:

 Spells                   Type           Power        Failure   Level  Hunger
 Ozocubu's Armour         Chrm/Ice       #.......     26%         3    ###....
 Throw Icicle             Conj/Ice       #.......     58%         4    #####..
 Summon Ice Beast         Ice/Summ       #.......     65%         4    #####..


Dungeon Overview and Level Annotations

Branches:
Dungeon (2/15)

Altars:

Annotations:
D:2 Crazy Yiuf


Message History

You hit the frilled lizard. You barely miss the frilled lizard.
The frilled lizard completely misses you.
You closely miss the frilled lizard.
The frilled lizard completely misses you.
You miss the frilled lizard. The frilled lizard closely misses you.
You hit the frilled lizard but do no damage.
The frilled lizard bites you.
You hit the frilled lizard but do no damage.
The frilled lizard bites you.
You closely miss the frilled lizard.
The frilled lizard bites you but does no damage.
You hit the frilled lizard.
You kill the frilled lizard!
No target in view!
You start resting.
A hobgoblin comes into view.
You can't see any susceptible monsters within range! (Use Z to cast anyway.) All of the chunks of flesh in your inventory have rotted away.
Aim: a hobgoblin (resting)
The puff of frost hits the hobgoblin.
The hobgoblin shouts!
Aim: a hobgoblin (almost dead)
The puff of frost hits the hobgoblin.
You kill the hobgoblin!
You start resting.
Found a stone staircase leading up.
Found a scroll labeled JAATIFU IGIRAGG.
k - a scroll labeled JAATIFU IGIRAGG Partly explored, unopened runed door.
You open the door.
Crazy Yiuf the Enlightened comes into view.
He is wielding a quarterstaff of Crazy Yiuf shouts!
Found a mace.
Aim: Crazy Yiuf, wielding a quarterstaff of chaos and wearing a cloak The puff of frost hits Crazy Yiuf.
Aim: Crazy Yiuf, wielding a quarterstaff of chaos and wearing a cloak The puff of frost hits Crazy Yiuf.
You are feeling hungry.
Aim: Crazy Yiuf, wielding a quarterstaff of chaos and wearing a cloak (heavily You freeze Crazy Yiuf.
Crazy Yiuf hits you with a quarterstaff of chaos!
Crazy Yiuf freezes you.
Aim: Crazy Yiuf, wielding a quarterstaff of chaos and wearing a cloak (severely You freeze Crazy Yiuf.
Crazy Yiuf hits you with a quarterstaff of chaos!
* * * LOW HITPOINT WARNING * * *
You are electrocuted!
Ouch! That really hurt!
You die...

#.### #.# #
##.### #####
#######.....
#)..#
#..........#
##### #...#
#######...##
####...###
... ##.##
#.<..#...#
#g# #.#
#....#...#
♣@♣♣ #)#
#..#####.#
♣♣.♣ #.#
#....#...#
♣.♣♣
########.#
#.##.#.#.#
♣♣.♣
#........#
#.##...#.#
♣♣.♣♣
##########
#.....##.#
♣♣...♣
#.######.#
♣....♣ #.#
#.# #....#
#.#
#.#####..##


You could see Crazy Yiuf.

Vanquished Creatures
  Terence (D:2)
  3 adders (D:2)
  2 worms (D:2)
  A dart slug (D:1)
  2 goblins (D:2)
  8 hobgoblins (D:2)
  5 kobolds
  2 ball pythons (D:2)
  5 bats (D:1)
  5 frilled lizards (D:2)
  4 rats
38 creatures vanquished.

Notes
Turn   | Place    | Note
-------+----------+-------------------------------------------
     0 | D:1      | MalarOregon the Merfolk Ice Elementalist began the quest
                  | for the Orb.
     0 | D:1      | Reached XP level 1. HP: 13/13 MP: 3/3
   487 | D:1      | Reached XP level 2. HP: 19/19 MP: 3/5
   497 | D:1      | Learned a level 2 spell: Throw Frost
   961 | D:2      | Reached XP level 3. HP: 25/25 MP: 0/6
   998 | D:2      | Noticed Terence
  1107 | D:2      | Reached skill level 1 in Polearms
  1107 | D:2      | Reached skill level 4 in Ice Magic
  1916 | D:2      | Reached skill level 1 in Fighting
  1916 | D:2      | Reached XP level 4. HP: 31/32 MP: 4/7
  2399 | D:2      | Killed Terence
  2603 | D:2      | Found a runed door.
  2693 | D:2      | Noticed Crazy Yiuf
  2697 | D:2      | Mangled by Crazy Yiuf

Skill      XL: |  1  2  3  4 |
---------------+-------------+-----
Dodging        | 3 |  3.5
Polearms       | 1 2 |  2.4
Ice Magic      | 4 |  4.3
Fighting       | 1 |  1.2
Stealth        | |  2.1
Spellcasting   | |  2.4
Conjurations   | |  0.7

Action                   |  1- 3 |  4- 6 || total
-------------------------+-------+-------++-------
Melee: Spear             |    29 |    26 ||    55
Throw: Stone             |    11 |       ||    11
       Javelin           |     2 |     1 ||     3
 Cast: Freeze            |    13 |    10 ||    23
       Throw Frost       |    25 |    10 ||    35
 Stab: Sleeping          |       |     2 ||     2
  Eat: Chunk             |     5 |     3 ||     8
Armor: Robe              |     2 |     2 ||     4
Dodge: Dodged            |    22 |     9 ||    31
